 Dungeon Crawl Stone Soup version 0.25-a0-513-ge77a692 (webtiles) character file.

Game seed: 13055656897090255649, levelgen mode: deterministic

53 wolfsongas the Sneak (level 3, -1/36 HPs)
             Began as an Octopode Assassin on Feb 15, 2020.
             Was an Initiate of Yredelemnul.
             Succumbed to Terence's poison
             ... on level 2 of the Dungeon.
             The game lasted 00:03:11 (1645 turns).

wolfsongas the Sneak (Octopode Assassin)            Turns: 1645, Time: 00:03:12

Health: -1/36      AC: 21    Str: 10    XL:     3   Next: 87%
Magic:  3/3        EV:  2    Int: 13    God:    Yredelemnul [......]
Gold:   51         SH:  3    Dex: 14    Spells: 2/2 levels left

rFire    + . .     SeeInvis .   a - +2 dagger
rCold    + . .     Gourm    .   (no shield)
rNeg     + + +     Faith    .   (helmet currently unavailable)
rPois    +         Spirit   .   f - +3 amulet of reflection
rElec    +         Reflect  +   (no ring)
rCorr    +         Harm     .   (no ring)
MR       .....     NoTele   +   (no ring)
Stlth    +++.......             (no ring)
HPRegen  0.12/turn              (no ring)
MPRegen  0.08/turn              (no ring)
                                (no ring)
                                (no ring)

@: lethally poisoned (-1 -> -37), tree-form, resistant, hasted, very quick
A: almost no armour, stealthy swim, (amphibious), 8 rings, (constrict 8)
a: Renounce Religion


You were on level 2 of the Dungeon.
You worshipped Yredelemnul.
Yredelemnul was noncommittal.
You were not hungry.
You were a tree.
You visited 1 branch of the dungeon, and saw 2 of its levels.

You collected 51 gold pieces.

Inventory:

Hand Weapons
 a - a +2 dagger (weapon)
Missiles
 b - 8 poisoned darts (quivered)
 c - 2 curare-tipped darts
 g - 7 atropa-tipped darts
Jewellery
 f - a +3 amulet of reflection (around neck)
Scrolls
 i - 2 scrolls of identify
Potions
 e - a potion of lignification
Comestibles
 d - 4 rations
 h - 3 chunks of flesh


   Skills:
 - Level 2.0 Fighting
 + Level 2.6 Short Blades
 - Level 2.0 Throwing
 + Level 1.9 Dodging
 * Level 6.4 Stealth


You had 2 spell levels left.
You didn't know any spells.
Your spell library was empty.

Dungeon Overview and Level Annotations

Branches:
Dungeon (2/15)

Altars:
Elyvilon
Yredelemnul

Annotations:
D:2 Terence


Innate Abilities, Weirdness & Mutations

You cannot wear most types of armour.
You are very stealthy in the water. (Stealth+)
((You are amphibious.))
You can wear up to eight rings at the same time.
((You can use your tentacles to constrict eight enemies at once.))
((Your skin changes colour to match your surroundings (Stealth+).))
((Your rubbery body absorbs attacks. (AC +1, EV +1)))


Message History

Terence is lightly wounded.
* * * LOW HITPOINT WARNING * * *
You feel sick.
You hit Terence.
Terence is moderately wounded.
* * * LOW HITPOINT WARNING * * *
You feel sick. Terence hits you but does no damage.
You hit Terence.
Terence is heavily wounded.
* * * LOW HITPOINT WARNING * * *
You feel sick.
You hit Terence.
Terence is severely wounded.
* * * LOW HITPOINT WARNING * * *
You feel sick. Terence hits you but does no damage.
You are more poisoned.
You hit Terence but do no damage.
Terence is severely wounded.
You die...
Your body rises from the dead as a mindless zombie.

.########
#≈≈...≈≈#.#
........#
##≈..♣..≈#.#
#########
##..........#
#...♣._.♣...#
#
#..........##
#...#≈..♣..≈##
#.###≈≈...≈≈#
#.@.###...###
#♣.....##
########


You could see Terence.

Vanquished Creatures
  3 dart slugs (D:1)
  A leopard gecko (D:2)
  6 bats (D:1)
  A giant cockroach (D:1)
  5 goblins (D:1)
  3 hobgoblins (D:1)
  10 jackals (D:1)
  4 kobolds (D:1)
  4 frilled lizards
  5 rats
42 creatures vanquished.

Notes
Turn   | Place    | Note
-------+----------+-------------------------------------------
     0 | D:1      | wolfsongas the Octopode Assassin began the quest for the
                  | Orb.
     0 | D:1      | Reached XP level 1. HP: 14/14 MP: 1/1
   195 | D:1      | Reached XP level 2. HP: 19/19 MP: 2/2
   520 | D:1      | Reached skill level 6 in Stealth
   556 | D:1      | Reached XP level 3. HP: 24/24 MP: 3/3
  1509 | D:2      | Found a basalt altar of Yredelemnul.
  1542 | D:2      | Became a worshipper of Yredelemnul the Dark
  1598 | D:2      | Found a white marble altar of Elyvilon.
  1607 | D:2      | Noticed Terence
  1644 | D:2      | HP: 1/36 [poisoned by Terence]
  1645 | D:2      | Succumbed to Terence's poison

Levels and vault maps discovered:
D:1:      dpeg_arrival_solitude, layout_basic, minmay_octomino_e4
D:2:      lemuel_upstairs_altar, layout_loops_ring, elyvilon_altar_4,
          yredelemnul_altar_generic, fedhas_altar_4,
          chequers_ecumenical_altar_simple_redux, first_ration,
          minmay_crystal_room, small_statue_intersection, uniq_terence

Skill      XL: |  1  2 |
---------------+-------+-----
Stealth        | 6 |  6.4
Fighting       | |  2.0
Short Blades   | |  2.6
Throwing       | |  2.0
Dodging        | |  1.9

Action                   || total
-------------------------++-------
Melee: Dagger            ||   122
       Constrict         ||    20
       Tentacles         ||    11
  Use: Potion            ||     4
       Scroll            ||     2
 Stab: Sleeping          ||     3
  Eat: Chunk             ||     2
Armor: Skin              ||    25
Dodge: Dodged            ||    64
Block: Other             ||    13
       Reflection        ||     1

Table legend:
 A = Non-vault XP
 B = Vault XP
 C = Vault XP percentage of total XP
 D = Non-vault monster count
 E = Vault monster count
 F = Vault count percentage of total count
                 A         B        C        D         E       F
            +---------+---------+-------+---------+---------+-------
      Total |      71 |       5 |   6.6 |      38 |       4 |   9.5
            +---------+---------+-------+---------+---------+-------
        D:1 |      66 |       5 |   7.0 |      35 |       4 |  10.3
        D:2 |       5 |       0 |   0.0 |       3 |       0 |   0.0
            +---------+---------+-------+---------+---------+-------
